 Dungeon Crawl Stone Soup version 0.30-a0-219-gf2db51d15e (webtiles) character file.

Game seed: 14589128996415175870

1012 scionoferis the Slasher (level 8, -3/54 HPs)
             Began as a Djinni Reaver on Oct 6, 2022.
             Killed by divine providence
             ... invoked by an orc priest
              (9 damage)
             ... on level 6 of the Dungeon.
             The game lasted 00:15:01 (5898 turns).

scionoferis the Slasher (Djinni Reaver)             Turns: 5898, Time: 00:15:02

Health: -3/54      AC:  5    Str: 11    XL:     8   Next: 45%
Gold:   417        EV: 11    Int: 18    God:
                   SH:  0    Dex: 11

rFire   + + .      SeeInvis .    a - +1 dagger (venom)
rCold   x . .      Faith    .    (no shield)
rNeg    . . .      Spirit   .    b - +0 leather armour
rPois   ∞          Reflect  .    v - +0 helmet
rElec   .          Harm     .    C - scarf {repulsion}
rCorr   .          Rampage  .    q - +0 pair of gloves
Will    .....                    (boots unavailable)
Stlth   +.........               (no amulet)
HPRegen 0.29/turn                (no ring)
MPRegen 0.00/turn                (no ring)

@: flying, repel missiles
A: sickness immunity, fire resistance 2, cold vulnerability 1, float, innate
caster, HP casting, extra vitality 1
a: no special abilities


You were on level 6 of the Dungeon.
You visited 1 branch of the dungeon, and saw 6 of its levels.
You also visited: Sewer.

You collected 417 gold pieces.

Inventory:

Hand Weapons
 a - a +1 dagger of venom (weapon)
 r - a +0 falchion
Missiles
 t - 11 poisoned darts (quivered)
Armour
 b - a +0 leather armour (worn)
 g - the +3 ring mail of Refuge {Int-5 Dex+2 SInv Stlth+}
   (You found it on level 6 of the Dungeon)

   Int:       It affects your intelligence (-5).
   Dex:       It affects your dexterity (+2).
   SInv:      It lets you see invisible.
   Stlth:     It makes you more stealthy.
 q - a +0 pair of gloves (worn)
 v - a +0 helmet (worn)
 C - a scarf of repulsion (worn)
Jewellery
 h - a ring of fire
 y - a ring of see invisible
Wands
 j - a wand of digging (4)
 u - a wand of flame (17)
Scrolls
 c - 2 scrolls of amnesia {unknown}
 d - a scroll of torment
 e - 4 scrolls of teleportation
 k - a scroll of poison
 m - a scroll of immolation
 n - a scroll of fear
 p - a scroll of fog
 s - a scroll of enchant armour
 x - 2 scrolls of noise {unknown}
 B - a scroll of enchant weapon
 F - 2 scrolls of blinking {unknown}
 G - a scroll of silence {unknown}
Potions
 f - 2 potions of lignification {unknown}
 i - a potion of curing
 l - 3 potions of heal wounds {unknown}
 o - 2 potions of mutation {unknown}
 w - a potion of berserk rage {unknown}
 z - 2 potions of attraction {unknown}
 A - a potion of magic {unknown}
 D - a potion of flight {unknown}
 E - a potion of resistance {unknown}


   Skills:
 - Level 2.0 Fighting
 + Level 6.6 Long Blades
 - Level 2.1 Dodging
 + Level 5.5 Spellcasting


You had 6 spell levels left.
You knew the following spells:

 Your Spells              Type           Power      Damage    Failure   Level
a - Kiss of Death         Conj/Necr      100%       2d13      1%          1
b - Momentum Strike       Conj/Tloc      50%        3d9       2%          2
c - Hailstorm             Conj/Ice       25%        3d7       4%          3
d - Necrotise             Necr           100%       1d9       1%          1
e - Passwall              Tmut/Erth      20%        N/A       2%          2
f - Mephitic Cloud        Conj/Pois/Air  25%        N/A       4%          3
Your spell library was empty.

Dungeon Overview and Level Annotations

Branches:
Dungeon (6/15)              Sewer (visited)
 Temple: D:4-7

Altars:
Ashenzari
Fedhas
Gozag
Uskayaw
Wu Jian
Xom
The Shining One


Innate Abilities, Weirdness & Mutations

You are immune to sickness and miasma.
You are immune to poison.
Your flesh is very heat resistant. (rF++)
You are vulnerable to cold. (rC-)
You float through the air rather than walking.
You learn spells naturally, not from books.
Your magical power is your life essence.
You have superior vitality. (+4 MHP)


Message History

Press: ? - help, Dir - look around, f - activate A cannonade of hail descends around you!
The hail pelts the orc!
You kill the orc!
The hail misses the orc priest.
The orc priest calls down the wrath of Beogh upon you.
Beogh smites you!
The orc warrior hits you with a +0 hand axe!
Casting: Hailstorm (dangerous; 4% risk of failure)
Confirm with . or Enter, or press ? or * to list all spells.
Casting: Hailstorm (dangerous; 4% risk of failure)
Press: ? - help, Dir - look around, f - activate A cannonade of hail descends around you!
The hail misses the orc priest.
Unknown command.
Casting: Hailstorm (dangerous; 4% risk of failure)
Confirm with . or Enter, or press ? or * to list all spells.
Casting: Hailstorm (dangerous; 4% risk of failure)
Press: ? - help, Dir - look around, f - activate A cannonade of hail descends around you!
The hail pelts the orc priest!
The orc priest is heavily wounded.
The orc warrior hits you with a +0 hand axe!
* * * LOW HITPOINT WARNING * * *
Press: ? - help, v - describe, . - travel
Here: an orc priest, wielding a +0 hand axe and wearing a +0 leather armour (heavily wounded)
The floor.
Unknown command.
Unknown command.
As you read the scroll of teleportation, it crumbles to dust.
You feel strangely unstable.
The orc warrior attacks as you move away!
The orc warrior closely misses you.
The orc priest calls down the wrath of Beogh upon you.
Pain shoots through your body!
* * * LOW HITPOINT WARNING * * *
Your surroundings seem slightly different.
The orc priest invokes the aid of Beogh against you.
Beogh smites you!
You die...

.......... . ...#.#
.#..#.###. . .....
.......... ###.#.#.#
# ..........
....#.#.# .# .#
##..#.....
.....)##.#..#
#...>.... ...........
#..#.##.# #........#
#..#....## #####.##.#
#..#
#####.###.@......#
#..# .........oo..###
#..# ######.......#
#..# #.§.....#
#..###### #.......#
#.......# #.......#
###.###.#####.......#
#................####
##.#.###.######...#


You could see an orc warrior and an orc priest.

Vanquished Creatures
  An orc warrior (D:6)
  An ogre (D:6)
  A scorpion (D:5)
  A necrophage (D:5)
  A hound (D:5)
  5 jellies
  Crazy Yiuf (D:2)
  An orc priest (D:6)
  Jessica (D:2)
  An orc wizard (D:6)
  2 iguanas (D:5)
  Robin (D:3)
  3 gnolls (D:5)
  11 adders
  2 ufetubi
  3 worms
  13 orcs
  16 endoplasms
  11 hobgoblins
  4 jackals (D:1)
  8 quokkas
  4 ball pythons
  12 bats
  2 frilled lizards (D:3)
  14 goblins
  13 kobolds
  5 rats
138 creatures vanquished.

Vanquished Creatures (others)
  A water moccasin (Sewer)
  An iguana (D:5)
  8 fungi (D:3)
  A plant (D:2)
  8 toadstools (D:3)
19 creatures vanquished.

Grand Total: 157 creatures vanquished

Notes
Turn   | Place    | Note
-------+----------+-------------------------------------------
     0 | D:1      | scionoferis the Djinni Reaver began the quest for the Orb.
     0 | D:1      | scionoferis set off with the following spells memorised:
                  | Kiss of Death, Momentum Strike, Hailstorm.
     0 | D:1      | Reached XP level 1. HP: 18/18 MP: 0/0
    68 | D:1      | Reached XP level 2. HP: 19/23 MP: 0/0
   142 | D:1      | Reached skill level 3 in Long Blades
   175 | D:1      | Found a faded altar of an unknown god.
   401 | D:1      | Reached XP level 3. HP: 27/28 MP: 0/0
   401 | D:1      | Learned a level 1 spell: Necrotise
  1000 | D:2      | Reached XP level 4. HP: 19/33 MP: 0/0
  1254 | D:2      | Found a runed translucent door.
  1255 | D:2      | Noticed Crazy Yiuf
  1585 | D:2      | Noticed Jessica
  1591 | D:2      | Killed Jessica
  1592 | D:2      | Reached skill level 4 in Long Blades
  1592 | D:2      | Reached XP level 5. HP: 32/38 MP: 0/0
  1592 | D:2      | Learned a level 2 spell: Passwall
  1756 | D:2      | Killed Crazy Yiuf
  2183 | D:3      | Noticed Robin
  2227 | D:3      | Killed Robin
  2356 | D:3      | Reached XP level 6. HP: 30/43 MP: 0/0
  3147 | D:3      | Reached skill level 5 in Long Blades
  3588 | D:4      | Found a glowing drain.
  3597 | Sewer    | Entered a sewer
  3625 | Sewer    | Noticed a water moccasin
  3657 | Sewer    | Killed a water moccasin
  3658 | Sewer    | Reached XP level 7. HP: 7/49 MP: 0/0
  3658 | Sewer    | Learned a level 3 spell: Mephitic Cloud
  4317 | D:5      | Entered Level 5 of the Dungeon
  5232 | D:5      | Reached skill level 5 in Spellcasting
  5370 | D:5      | Reached skill level 6 in Long Blades
  5370 | D:5      | Reached XP level 8. HP: 54/54 MP: 0/0
  5587 | D:6      | Identified the +3 ring mail of Refuge {Int-5 Dex+2 SInv
                  | Stlth+}
  5699 | D:6      | Found a broken altar of Ashenzari.
  5700 | D:6      | Found a glowing golden altar of the Shining One.
  5701 | D:6      | Found an ornate altar of the Wu Jian Council.
  5707 | D:6      | Found a hide-covered altar of Uskayaw.
  5709 | D:6      | Found a shimmering altar of Xom.
  5709 | D:6      | Found an opulent altar of Gozag.
  5710 | D:6      | Found a blossoming altar of Fedhas.
  5898 | D:6      | Killed from afar by an orc priest

Illustrated notes

Levels and vault maps discovered:
D:1:      grunt_arrival_lava_bath, layout_basic,
          hellmonk_ecumenical_altar_run_dry, serial_park_tiny_2
D:2:      layout_loops_cross, serial_forest, infiniplex_forest_lined_room_2,
          infiniplex_forest_lined_4_way, infiniplex_forest_pool,
          infiniplex_forest_corner_1, kennysheep_jessica_study,
          uniq_crazy_yiuf_cottage
D:3:      cheibrodos_fertilizer, layout_loops_corners,
          chequers_serial_rivers_micro_d, chequers_mini_garden,
          kennysheep_generic_room_14, uniq_robin
D:4:      layout_cave_pools, portal_sewer_entry_d, minmay_misc_feat_encased
D:5:      layout_loops_ring
D:6:      layout_basic, grunt_temple_overflow_open,
          minmay_temple_entry_mini_moons

Skill      XL: |  1  2  3  4  5  6  7 |
---------------+----------------------+-----
Long Blades    | 3 4 5 6 |  6.6
Spellcasting   | 3 4 5 |  5.5
Fighting       | |  2.0
Dodging        | |  2.1

Action                   |  1- 3 |  4- 6 |  7- 9 || total
-------------------------+-------+-------+-------++-------
Melee: Falchion          |   116 |    58 |       ||   174
       Punch             |       |     3 |     4 ||     7
       Dagger            |       |   206 |   121 ||   327
Throw: Dart              |       |     1 |     7 ||     8
 Cast: Necrotise         |     7 |       |       ||     7
       Hailstorm         |       |    13 |    16 ||    29
       Momentum Strike   |       |     1 |     1 ||     2
       Mephitic Cloud    |       |       |     2 ||     2
  Use: Potion            |       |     2 |     2 ||     4
       Scroll            |       |     1 |     8 ||     9
Armor: Leather armour    |    41 |    57 |    21 ||   119
Dodge: Dodged            |    78 |   121 |    67 ||   266

Table legend: (Time is in decaauts)
 A = Elapsed time spent in this place.
 B = Non-inter-level travel time spent in this place.
 C = Inter-level travel time spent in this place.
 D = Time resting spent in this place.
 E = Time spent auto-exploring this place.
 F = Levels seen in this place.
 G = Mean time per level.
                   A        B        C        D        E       F      G
               +--------+--------+--------+--------+--------+-----+--------+
         Total |   5844 |   5581 |    263 |    685 |   3669 |   7 |  834.9 |
       Dungeon |   5562 |   5299 |    263 |    535 |   3584 |   6 |  927.0 |
         Sewer |    281 |    281 |      0 |    150 |     85 |   1 |  281.0 |
               +--------+--------+--------+--------+--------+-----+--------+

Top non-repeatable levels by time:
     D:3: 1608 daAuts
     D:2: 1327 daAuts
     D:5: 945 daAuts
     D:4: 741 daAuts
     D:1: 582 daAuts
     D:6: 357 daAuts
   Sewer: 281 daAuts
